 Dungeon Crawl Stone Soup version 0.19.1-1-g22dce08 (webtiles) character file.

3047 McKennaii the Zephyrmancer (level 9, 0/55 HPs)
             Began as a High Elf Air Elementalist on Jan 12, 2017.
             Was a Believer of Sif Muna.
             Slain by a killer bee (4 damage)
             ... on level 7 of the Dungeon.
             The game lasted 00:23:43 (6936 turns).

McKennaii the Zephyrmancer (HEAE)                   Turns: 6936, Time: 00:23:43

Health: 0/55       AC:  3    Str:  7    XL:     9   Next: 56%
Magic:  4/23       EV: 14    Int: 27    God:    Sif Muna [**....]
Gold:   480        SH:  0    Dex: 16    Spells: 5 memorised, 13 levels left

rFire  + . .     SeeInvis .     k - -2 falchion (curse)
rCold  x . .     Gourm    .     a - +0 robe
rNeg   . . .     Faith    .     (no shield)
rPois  .         Spirit   .     (no helmet)
rElec  .         Reflect  .     (no cloak)
rCorr  .         Harm     .     (no gloves)
MR     .....                    p - +0 pair of boots
Stlth  ++........               y - amulet of regeneration
                                H - ring of fire
                                F - +4 ring of intelligence

@: lethally poisoned (0 -> -6)
A: no striking features
a: Divine Energy, Renounce Religion


You were on level 7 of the Dungeon.
You worshipped Sif Muna.
Sif Muna was pleased with you.
You were not hungry.

You visited 2 branches of the dungeon, and saw 8 of its levels.
You also visited: Sewer.

You collected 480 gold pieces.

Inventory:

Hand Weapons
 k - a cursed -2 falchion (weapon)
 J - a +0 falchion
Armour
 a - a +0 robe (worn)
 p - a +0 pair of boots (worn)
Magical Staves
 M - an uncursed staff of cold {unknown}
Jewellery
 y - an amulet of regeneration (around neck)
 F - a +4 ring of intelligence (left hand)
 H - a ring of fire (right hand)
 L - a +4 amulet of reflection {unknown}
Wands
 N - a wand of paralysis (10/24)
Scrolls
 d - 2 scrolls of amnesia
 f - 9 scrolls of identify
 l - a scroll of fog {unknown}
 m - 2 scrolls of blinking {unknown}
 q - a scroll of noise {unknown}
 r - 4 scrolls of teleportation {unknown}
 t - a scroll of recharging {unknown}
 v - 3 scrolls of fear
 x - a scroll of enchant weapon {unknown}
 z - a scroll of enchant armour {unknown}
 G - 3 scrolls of immolation {unknown}
Potions
 e - a potion of invisibility
 g - 2 potions of mutation {unknown}
 h - 4 potions of lignification {unknown}
 i - 4 potions of curing
 j - 3 potions of degeneration {unknown}
 n - 3 potions of brilliance {unknown}
 o - a potion of haste {unknown}
 s - 2 potions of heal wounds {unknown}
 u - a potion of magic {unknown}
 w - 2 potions of agility
 I - a potion of might {unknown}
 K - a potion of flight {unknown}
 O - a potion of berserk rage {unknown}
Books
 b - a book of Air

   Spells                             Type                      Level
   a - Shock                          Conjuration/Air              1
   b - Swiftness                      Charms/Air                   2
   c - Repel Missiles                 Charms/Air                   2
   d - Static Discharge               Conjuration/Air              3
   e - Lightning Bolt                 Conjuration/Air              5
Comestibles
 c - 3 bread rations
 A - a royal jelly
 B - a beef jerky
 C - 7 fruits
 D - a meat ration


   Skills:
 + Level 2.3 Fighting
 + Level 0.5 Long Blades
 + Level 3.4 Dodging
 + Level 3.2 Stealth
 + Level 9.0 Spellcasting
 + Level 7.4 Conjurations
 + Level 1.0 Charms
 + Level 9.4 Air Magic


You had 13 spell levels left.
You knew the following spells:

 Your Spells              Type           Power        Failure   Level  Hunger
a - Shock                 Conj/Air       ####         1%          1    None
b - Swiftness             Chrm/Air       #####...     1%          2    None
c - Repel Missiles        Chrm/Air       #####.       1%          2    None
d - Static Discharge      Conj/Air       ######..     1%          3    None
e - Lightning Bolt        Conj/Air       ######....   4%          5    ####...


Dungeon Overview and Level Annotations

Branches:
Dungeon (7/15)             Temple (1/1) D:5

Altars:
Ashenzari
Cheibriados
Dithmenos
Elyvilon
Fedhas
Gozag
Hepliaklqana
Kikubaaqudgha
Makhleb
Nemelex Xobeh
Okawaru
Qazlal
Ru
Sif Muna
Trog
Uskayaw
Vehumet
Xom
Yredelemnul
Zin
The Shining One

Shops:
D:5 %   D:7 [


Message History

An ogre comes into view. It is wielding a giant club.
You feel sick. The killer bee stings you.
You are more poisoned.
The killer bee poisons you!
You feel sick.
You feel sick.
The killer bee stings you but does no damage.
You feel sick. The killer bee stings you.
You are more poisoned.
The killer bee poisons you!
You feel sick. The killer bee barely misses you.
Casting: Lightning Bolt
Confirm with . or Enter, or press ? or * to list all spells.
You don't have enough magic to cast that spell.
You hit the killer bee.
The killer bee is moderately wounded.
You feel sick. The killer bee stings you!
* * * LOW HITPOINT WARNING * * *
The killer bee closely misses you. The killer bee stings you.
You die...

#....#...............######.....
##....#..........................
..#...#####'#....................
..#.........#....................
..#<........#....................
..#.........#....................
..+.........#.........######.....
..#.........'.........'....###'##
..##'########..y@.....#.........#
..........O....########.........#
...............#................#
...............#.....##...###...#
...............#.....##...###...#
...............########.........#
..################...##.........#
..'...+..........#..............#
..#...#..........#..............#


You could see an ogre and a killer bee.

Vanquished Creatures
  The ghost of McKennaii the Gusty, a novice HEAE of Sif Muna (D:7)
  Grinder (D:3)
  Prince Ribbit (D:5)
  A hippogriff (D:7)
  Sigmund (D:4)
  Eustachio (D:6)
  A hungry ghost (D:7)
  Menkaure (D:4)
  Edmund (D:6)
  An orc warrior (D:6)
  An ice beast (D:7)
  3 ogres
  A big kobold (Sewer)
  A bullfrog (D:7)
  Blork the orc (D:4)
  A scorpion (D:4)
  2 killer bees (D:7)
  A crimson imp (D:5)
  2 hounds
  2 jellies
  A bullfrog skeleton (D:6)
  2 iguanas
  4 orc wizards
  Natasha (twice) (D:3)
  3 worker ants
  9 adders
  A howler monkey skeleton (D:7)
  3 river rats (Sewer)
  A shadow imp (D:5)
  An ooze (D:5)
  3 worms
  3 dart slugs
  6 leopard geckos
  4 orcs
  6 bats
  5 giant cockroaches
  10 goblins
  4 hobgoblins
  14 kobolds
  2 quokkas (D:2)
  6 ball pythons
  10 frilled lizards
  A quokka skeleton (D:7)
  11 rats
137 creatures vanquished.

Notes
Turn   | Place    | Note
-------+----------+-------------------------------------------
     0 | D:1      | McKennaii the High Elf Air Elementalist began the quest for the Orb.
     0 | D:1      | Reached XP level 1. HP: 11/11 MP: 4/4
   215 | D:1      | Reached XP level 2. HP: 17/17 MP: 2/6
   219 | D:1      | Learned a level 2 spell: Swiftness
   222 | D:1      | Learned a level 2 spell: Repel Missiles
   852 | D:2      | Reached XP level 3. HP: 21/21 MP: 5/8
  1765 | D:3      | Reached XP level 4. HP: 27/27 MP: 2/9
  1780 | D:3      | Found a glowing drain.
  1788 | Sewer    | Entered a sewer
  2135 | Sewer    | Reached skill level 5 in Air Magic
  2320 | Sewer    | Reached XP level 5. HP: 31/31 MP: 2/11
  2473 | D:3      | Learned a level 2 spell: Swiftness
  2576 | D:3      | Noticed Natasha
  2742 | D:3      | Noticed Grinder
  2752 | D:3      | Killed Grinder
  2752 | D:3      | Reached XP level 6. HP: 29/37 MP: 8/14
  2855 | D:3      | Killed Natasha
  3064 | D:3      | Noticed Natasha
  3070 | D:3      | Killed Natasha
  3070 | D:3      | Reached skill level 5 in Spellcasting
  3249 | D:4      | Learned a level 3 spell: Static Discharge
  3255 | D:4      | Learned a level 5 spell: Lightning Bolt
  3296 | D:4      | Reached XP level 7. HP: 37/42 MP: 9/15
  3452 | D:4      | Noticed Sigmund
  3463 | D:4      | Killed Sigmund
  3627 | D:4      | Noticed Blork the orc
  3634 | D:4      | Noticed Menkaure
  3634 | D:4      | Killed Blork the orc
  3638 | D:4      | Killed Menkaure
  3638 | D:4      | Reached XP level 8. HP: 47/47 MP: 6/18
  4013 | D:5      | Entered Level 5 of the Dungeon
  4053 | D:5      | Reached skill level 5 in Conjurations
  4083 | D:5      | Found Sipaiv's Food Shop.
  4172 | D:5      | Found a staircase to the Ecumenical Temple.
  4184 | D:5      | Noticed Prince Ribbit
  4186 | Temple   | Entered the Ecumenical Temple
  4286 | Temple   | Became a worshipper of Sif Muna the Loreminder
  4344 | D:5      | Killed Prince Ribbit
  4583 | D:5      | Reached skill level 1 in Fighting
  5104 | D:6      | Noticed Eustachio
  5111 | D:6      | Killed Eustachio
  5272 | D:6      | Reached * piety under Sif Muna
  5829 | D:7      | Reached XP level 9. HP: 47/53 MP: 14/22
  6036 | D:7      | HP: 2/53 [poisoned by a killer bee]
  6111 | D:6      | Noticed Edmund
  6145 | D:6      | Killed Edmund
  6428 | D:7      | Found Dyuziepn's Antique Armour Shop.
  6547 | D:7      | Noticed McKennaii's ghost (novice HEAE)
  6563 | D:7      | Killed McKennaii's ghost
  6563 | D:7      | Reached ** piety under Sif Muna
  6663 | D:7      | Reached skill level 1 in Charms
  6936 | D:7      | Slain by a killer bee

Skill      XL: |  1  2  3  4  5  6  7  8  9 |
---------------+----------------------------+-----
Air Magic      | 4 5 6 7 8 9 |  9.4
Spellcasting   | 3 4 5 6 8 9 |  9.0
Conjurations   | 2 3 4 6 7 |  7.4
Dodging        | 3 |  3.4
Fighting       | 1 2 |  2.3
Stealth        | 3 |  3.2
Charms         | 1 |  1.0
Long Blades    | |  0.5

Action                   |  1- 3 |  4- 6 |  7- 9 || total
-------------------------+-------+-------+-------++-------
Melee: Unarmed           |       |     6 |       ||     6
       Falchion          |       |       |     8 ||     8
 Cast: Shock             |    84 |   121 |   222 ||   427
       Repel Missiles    |     1 |       |       ||     1
       Swiftness         |       |       |     2 ||     2
       Lightning Bolt    |       |       |     5 ||     5
  Use: Scroll            |       |     3 |     2 ||     5
       Potion            |       |       |     3 ||     3
  Eat: Pizza             |     2 |       |     1 ||     3
       Bread ration      |       |     1 |     1 ||     2
       Fruit             |       |       |     3 ||     3
       Meat ration       |       |       |     1 ||     1
Armor: Robe              |       |     4 |    14 ||    18
Dodge: Dodged            |     4 |    11 |    67 ||    82
       Deflected         |       |     5 |       ||     5
       Rpst.: Falchion   |       |       |    27 ||    27
